[ AOE2 MATCH · #507071202 ]
UnrankedBulgarians vs Tatars
Player's team · LOSS
Rival team · WIN
[ REPLAY ANALYSIS · EXTRACTED FROM THE RECORDED GAME ]
Feudal
8:28
Castle
—
Imperial
—
| APM avg | 69.2 |
| APM peak | 98 |
| eAPM avg | 33.7 |
| Villagers / military | 65 / 62 |
Focus
⚔️ 56.4% · 🌾 43.6%
Skirmisher ×35 · Spearman ×10 · Archer ×7 · Militia ×6 · Scout Cavalry ×4
Feudal
8:51
Castle
25:23
Imperial
—
| APM avg | 132.8 |
| APM peak | 217 |
| eAPM avg | 59.5 |
| Villagers / military | 73 / 42 |
Focus
⚔️ 69.0% · 🌾 31.0%
Skirmisher ×18 · Archer ×9 · Knight ×8 · Cavalry Archer ×5 · Mangonel ×1 · Spearman ×1
Match map
Initial resources + every placement click. Lines = walls · curves = elevation contours. ◆ gold · ⬟ stone · ● berries · ✦ relic · ◌ wall gap
Your base· Open — unwalled flank
Itz_Zenta's base· Open — 5t gap
Smoothed initial terrain · ◌ = detected wall gap · hover for details
Inputs per minute
— xana - - Itz_Zenta
Build order — xana
First 150 of 219 actions detected
| 0:01 | Create | Villager (Male) ×4 |
| 0:02 | Build | House |
| 0:02 | Build | House |
| 1:06 | Create | Villager (Male) |
| 1:51 | Create | Villager (Male) |
| 2:08 | Create | Villager (Male) |
| 2:33 | Create | Villager (Male) |
| 2:45 | Build | Lumber Camp |
| 3:06 | Create | Villager (Male) |
| 3:25 | Create | Villager (Male) |
| 3:59 | Create | Villager (Male) |
| 4:00 | Build | House |
| 4:09 | Create | Villager (Male) |
| 4:52 | Create | Villager (Male) |
| 5:19 | Create | Villager (Male) |
| 5:23 | Build | Barracks |
| 5:25 | Research | Loom |
| 6:18 | Research | Feudal Age |
| 6:21 | Build | House |
| 6:24 | Build | House |
| 6:28 | Create | Militia |
| 6:42 | Create | Militia |
| 7:21 | Build | House |
| 7:24 | Create | Militia |
| 7:40 | Create | Villager (Male) |
| 7:54 | Build | Mill |
| 8:28 | Age | Feudal Age |
| 8:32 | Build | Watch Tower |
| 8:39 | Build | Watch Tower |
| 8:48 | Research | Double-Bit Axe |
| 8:48 | Create | Villager (Male) |
| 9:24 | Create | Villager (Male) |
| 9:32 | Build | Archery Range |
| 9:45 | Create | Spearman |
| 9:52 | Create | Militia |
| 9:55 | Create | Villager (Male) |
| 10:07 | Build | House |
| 10:08 | Create | Villager (Male) |
| 10:16 | Build | House |
| 10:21 | Create | Skirmisher |
| 10:29 | Build | Palisade Wall |
| 10:30 | Build | Palisade Wall |
| 10:50 | Create | Archer |
| 10:58 | Create | Villager (Male) |
| 11:01 | Build | Mining Camp |
| 11:11 | Create | Skirmisher |
| 11:20 | Create | Villager (Male) |
| 11:47 | Create | Villager (Male) |
| 12:03 | Build | Blacksmith |
| 12:17 | Create | Skirmisher |
| 12:19 | Create | Archer |
| 12:21 | Create | Villager (Male) |
| 12:24 | Build | Farm |
| 12:27 | Create | Villager (Male) |
| 12:32 | Build | Palisade Wall |
| 13:00 | Build | Farm |
| 13:00 | Build | Farm |
| 13:11 | Create | Archer |
| 13:20 | Create | Villager (Male) |
| 13:28 | Create | Villager (Male) |
| 13:45 | Build | Mining Camp |
| 13:59 | Create | Villager (Male) |
| 14:09 | Create | Skirmisher |
| 14:13 | Build | House |
| 14:31 | Build | House |
| 14:32 | Create | Villager (Male) |
| 14:38 | Research | Fletching |
| 14:50 | Create | Skirmisher |
| 14:50 | Create | Skirmisher |
| 14:57 | Create | Villager (Male) |
| 15:17 | Build | Farm |
| 15:27 | Create | Villager (Male) |
| 15:32 | Create | Skirmisher |
| 15:34 | Build | Farm |
| 15:47 | Create | Skirmisher |
| 15:49 | Build | Farm |
| 16:07 | Build | Watch Tower |
| 16:09 | Create | Skirmisher |
| 16:11 | Create | Villager (Male) |
| 16:14 | Build | Farm |
| 16:31 | Create | Skirmisher |
| 16:38 | Create | Villager (Male) |
| 16:38 | Create | Villager (Male) |
| 16:52 | Create | Skirmisher |
| 17:02 | Create | Villager (Male) |
| 17:05 | Create | Skirmisher |
| 17:23 | Create | Villager (Male) |
| 17:39 | Build | Archery Range |
| 17:45 | Create | Skirmisher |
| 17:49 | Build | House |
| 17:54 | Build | Watch Tower |
| 17:57 | Create | Skirmisher |
| 18:09 | Create | Spearman |
| 18:26 | Build | House |
| 18:28 | Create | Militia |
| 18:28 | Create | Militia |
| 18:34 | Build | Farm |
| 18:35 | Build | Farm |
| 18:35 | Create | Skirmisher |
| 18:36 | Create | Skirmisher |
| 18:39 | Build | Lumber Camp |
| 18:47 | Build | Farm |
| 18:47 | Build | Farm |
| 18:49 | Build | Farm |
| 18:54 | Build | Watch Tower |
| 18:56 | Create | Villager (Male) |
| 19:01 | Build | House |
| 19:01 | Build | House |
| 19:18 | Build | Farm |
| 19:22 | Build | House |
| 19:30 | Build | House |
| 19:35 | Create | Skirmisher |
| 19:36 | Research | Padded Archer Armor |
| 19:36 | Research | Padded Archer Armor |
| 19:50 | Create | Skirmisher |
| 20:09 | Create | Villager (Male) |
| 20:11 | Create | Skirmisher |
| 20:12 | Create | Skirmisher |
| 20:22 | Create | Skirmisher |
| 20:27 | Build | Palisade Gate |
| 20:28 | Create | Skirmisher |
| 20:45 | Create | Skirmisher |
| 20:47 | Build | Palisade Wall |
| 20:48 | Build | Palisade Wall |
| 20:48 | Build | Palisade Wall |
| 20:49 | Build | Palisade Wall |
| 20:49 | Create | Villager (Male) |
| 20:53 | Build | Farm |
| 20:55 | Build | Farm |
| 21:07 | Create | Archer |
| 21:11 | Create | Skirmisher |
| 21:15 | Build | Farm |
| 21:16 | Build | Farm |
| 21:17 | Create | Villager (Male) |
| 21:27 | Build | Farm |
| 21:28 | Create | Villager (Male) |
| 21:33 | Create | Skirmisher |
| 21:33 | Create | Skirmisher |
| 21:49 | Create | Villager (Male) |
| 21:50 | Create | Skirmisher |
| 22:01 | Build | Watch Tower |
| 22:02 | Create | Skirmisher |
| 22:06 | Create | Villager (Male) |
| 22:20 | Create | Villager (Male) |
| 22:29 | Create | Skirmisher |
| 22:31 | Create | Skirmisher |
| 22:31 | Create | Skirmisher |
| 22:34 | Build | Farm |
| 22:43 | Create | Skirmisher |
| 22:45 | Create | Skirmisher |
Build order — Itz_Zenta
First 150 of 188 actions detected
| 0:01 | Create | Villager (Male) ×4 |
| 0:02 | Build | House |
| 0:05 | Build | House |
| 1:25 | Create | Villager (Male) |
| 1:25 | Create | Villager (Male) |
| 1:25 | Create | Villager (Male) |
| 1:52 | Create | Villager (Male) |
| 2:06 | Create | Villager (Male) |
| 2:32 | Build | Lumber Camp |
| 2:56 | Create | Villager (Male) |
| 3:06 | Create | Villager (Male) |
| 3:06 | Create | Villager (Male) |
| 3:07 | Create | Villager (Male) |
| 3:07 | Create | Villager (Male) |
| 3:07 | Create | Villager (Male) |
| 3:30 | Create | Villager (Male) |
| 3:41 | Create | Villager (Male) |
| 3:57 | Build | House |
| 4:10 | Create | Villager (Male) |
| 4:38 | Create | Villager (Male) |
| 4:46 | Create | Villager (Male) |
| 5:05 | Build | Mill |
| 5:14 | Create | Villager (Male) |
| 6:10 | Research | Loom |
| 6:39 | Research | Feudal Age |
| 6:39 | Research | Feudal Age |
| 7:10 | Build | Barracks |
| 7:10 | Build | Palisade Wall |
| 7:47 | Build | House |
| 8:15 | Build | Palisade Wall |
| 8:27 | Build | Palisade Wall |
| 8:29 | Build | Palisade Wall |
| 8:40 | Build | Palisade Wall |
| 8:41 | Build | Palisade Wall |
| 8:47 | Build | House |
| 8:51 | Age | Feudal Age |
| 8:54 | Create | Villager (Male) |
| 8:55 | Build | Archery Range |
| 8:56 | Create | Spearman |
| 9:00 | Build | Palisade Wall |
| 9:16 | Build | Palisade Wall |
| 9:22 | Create | Villager (Male) |
| 9:39 | Create | Archer |
| 9:41 | Research | Double-Bit Axe |
| 9:42 | Create | Villager (Male) |
| 10:02 | Create | Villager (Male) |
| 10:18 | Create | Villager (Male) |
| 10:19 | Build | Mining Camp |
| 10:22 | Create | Villager (Male) |
| 10:27 | Build | Watch Tower |
| 10:33 | Create | Villager (Male) |
| 10:35 | Build | House |
| 10:55 | Create | Skirmisher |
| 10:57 | Build | Palisade Wall |
| 10:59 | Build | Palisade Wall |
| 11:01 | Create | Villager (Male) |
| 11:03 | Build | Farm |
| 11:17 | Build | Farm |
| 11:17 | Create | Villager (Male) |
| 11:23 | Create | Villager (Male) |
| 11:43 | Create | Archer |
| 11:45 | Create | Villager (Male) |
| 11:59 | Create | Villager (Male) |
| 12:10 | Create | Skirmisher |
| 12:13 | Create | Archer |
| 12:19 | Create | Villager (Male) |
| 12:24 | Create | Villager (Male) |
| 12:33 | Build | Palisade Wall |
| 12:39 | Create | Villager (Male) |
| 12:44 | Create | Villager (Male) |
| 12:56 | Create | Skirmisher |
| 12:57 | Create | Villager (Male) |
| 13:02 | Build | Farm |
| 13:03 | Build | Farm |
| 13:14 | Build | House |
| 13:21 | Create | Skirmisher |
| 13:43 | Build | Blacksmith |
| 13:54 | Create | Villager (Male) |
| 14:06 | Create | Skirmisher |
| 14:10 | Create | Villager (Male) |
| 14:14 | Build | Farm |
| 14:28 | Research | Fletching |
| 14:32 | Create | Archer |
| 14:42 | Build | Farm |
| 14:49 | Build | Farm |
| 14:51 | Create | Villager (Male) |
| 14:54 | Build | House |
| 15:20 | Create | Villager (Male) |
| 15:26 | Create | Archer |
| 15:28 | Create | Villager (Male) |
| 15:30 | Build | Farm |
| 15:37 | Research | Town Watch |
| 15:45 | Create | Archer |
| 15:45 | Create | Villager (Male) |
| 15:49 | Build | Farm |
| 15:51 | Build | House |
| 16:00 | Build | Farm |
| 16:05 | Create | Archer |
| 16:24 | Create | Villager (Male) |
| 16:32 | Build | House |
| 16:37 | Build | Palisade Wall |
| 16:40 | Create | Archer |
| 16:53 | Create | Villager (Male) |
| 17:01 | Create | Villager (Male) |
| 17:10 | Create | Skirmisher |
| 17:25 | Create | Villager (Male) |
| 17:30 | Create | Skirmisher |
| 17:44 | Create | Villager (Male) |
| 17:56 | Create | Skirmisher |
| 17:58 | Create | Villager (Male) |
| 18:08 | Create | Villager (Male) |
| 18:10 | Create | Skirmisher |
| 18:16 | Build | Farm |
| 18:17 | Build | Archery Range |
| 18:24 | Create | Villager (Male) |
| 18:29 | Build | Farm |
| 18:41 | Build | Mining Camp |
| 18:45 | Create | Skirmisher |
| 18:48 | Build | Palisade Wall |
| 18:51 | Build | Palisade Wall |
| 19:02 | Create | Villager (Male) |
| 19:20 | Create | Villager (Male) |
| 19:31 | Create | Skirmisher |
| 19:35 | Build | House |
| 19:40 | Create | Villager (Male) |
| 19:43 | Build | House |
| 19:43 | Build | Palisade Wall |
| 19:44 | Create | Villager (Male) |
| 19:45 | Build | Palisade Wall |
| 19:53 | Create | Villager (Male) |
| 19:57 | Build | Palisade Wall |
| 20:01 | Create | Skirmisher |
| 20:11 | Create | Villager (Male) |
| 20:13 | Build | Farm |
| 20:18 | Create | Villager (Male) |
| 20:36 | Create | Villager (Male) |
| 20:41 | Build | Lumber Camp |
| 20:58 | Create | Villager (Male) |
| 21:08 | Create | Archer |
| 21:14 | Create | Villager (Male) |
| 21:26 | Build | House |
| 22:11 | Create | Villager (Male) |
| 22:12 | Build | Farm |
| 22:32 | Create | Skirmisher |
| 22:43 | Research | Castle Age |
| 22:56 | Create | Skirmisher |
| 22:57 | Create | Skirmisher |
| 23:04 | Build | Watch Tower |
| 23:08 | Build | Watch Tower |
| 23:13 | Create | Skirmisher |
Match timeline
| 5:23 | xana · first_building Barracks |
| 7:10 | Itz_Zenta · first_building Barracks |
| 7:10 | Itz_Zenta · wall_segment Palisade Wall x1 |
| 8:15 | Itz_Zenta · wall_segment Palisade Wall x5 |
| 8:27 | Itz_Zenta · wall_segment Palisade Wall x10 |
| 8:28 | xana · age_up feudal |
| 8:29 | Itz_Zenta · wall_segment Palisade Wall x1 |
| 8:40 | Itz_Zenta · wall_segment Palisade Wall x1 |
| 8:41 | Itz_Zenta · wall_segment Palisade Wall x1 |
| 8:51 | Itz_Zenta · age_up feudal |
| 8:55 | Itz_Zenta · first_building Archery Range |
| 9:00 | Itz_Zenta · wall_segment Palisade Wall x1 |
| 9:16 | Itz_Zenta · wall_segment Palisade Wall x1 |
| 9:32 | xana · first_building Archery Range |
| 10:29 | xana · wall_segment Palisade Wall x1 |
| 10:30 | xana · wall_segment Palisade Wall x1 |
| 10:57 | Itz_Zenta · wall_segment Palisade Wall x1 |
| 10:59 | Itz_Zenta · wall_segment Palisade Wall x1 |
| 12:32 | xana · wall_segment Palisade Wall x1 |
| 12:33 | Itz_Zenta · wall_segment Palisade Wall x1 |
| 16:37 | Itz_Zenta · wall_segment Palisade Wall x9 |
| 18:48 | Itz_Zenta · wall_segment Palisade Wall x1 |
| 18:51 | Itz_Zenta · wall_segment Palisade Wall x1 |
| 19:43 | Itz_Zenta · wall_segment Palisade Wall x1 |
| 19:45 | Itz_Zenta · wall_segment Palisade Wall x1 |
| 19:57 | Itz_Zenta · wall_segment Palisade Wall x1 |
| 20:47 | xana · wall_segment Palisade Wall x1 |
| 20:48 | xana · wall_segment Palisade Wall x1 |
| 20:48 | xana · wall_segment Palisade Wall x1 |
| 20:49 | xana · wall_segment Palisade Wall x1 |
| 23:37 | xana · first_building Stable |
| 24:30 | Itz_Zenta · first_building Stable |
| 25:23 | Itz_Zenta · age_up castle |
| 26:57 | Itz_Zenta · first_building Siege Workshop |
| 28:25 | xana · wall_segment Stone Wall x1 |
| 28:43 | xana · resign |
[ AI ANALYSIS · 1 CREDIT ]
What really happened in this match?
Wolo.gg analyzes every decision: build order, eco, micro, common mistakes by bracket. Personalized analysis on WhatsApp or Discord in 30 seconds.
Civ guide
Bulgarians
Perfil
Jugador #5772003